 Dungeon Crawl Stone Soup version 0.28.0-53-g5a82cb258f (webtiles) character file.

Game seed: 11400184374434791428

177 Labrat the Conjurer (level 5, -7/38 HPs)
             Began as a Demigod Conjurer on Aug 10, 2022.
             Mangled by a kobold
             ... wielding a +0 long sword of flaming
              (8 damage)
             ... on level 3 of the Dungeon.
             The game lasted 00:06:18 (3656 turns).

Labrat the Conjurer (Demigod Conjurer)              Turns: 3656, Time: 00:06:19

Health: -7/38      AC:  2    Str:  8    XL:     5   Next: 9%
Magic:  9/13       EV: 12    Int: 24    God:
Gold:   113        SH:  0    Dex: 12    Spells: 8/11 levels left

rFire   . . .      SeeInvis .   d - +2 dagger (elec)
rCold   . . .      Faith    .   (no shield)
rNeg    . . .      Spirit   .   a - +0 robe
rPois   .          Reflect  .   (no helmet)
rElec   .          Harm     .   (no cloak)
rCorr   .          Rampage  .   (no gloves)
Will    .....                   (no boots)
Stlth   ++........              (no amulet)
HPRegen 0.12/turn               (no ring)
MPRegen 0.13/turn               (no ring)

@: no status effects
A: high MP 1, forlorn, divine attributes
a: no special abilities


You were on level 3 of the Dungeon.
You visited 1 branch of the dungeon, and saw 3 of its levels.

You collected 113 gold pieces.

Inventory:

Hand Weapons
 d - a +2 dagger of electrocution (weapon)
Armour
 a - a +0 robe (worn)
Wands
 l - a wand of acid (6)
Scrolls
 c - a scroll of enchant armour {unknown}
 e - 2 scrolls of magic mapping {unknown}
 f - a scroll of identify {unknown}
 g - a scroll of teleportation {unknown}
 i - 3 scrolls of noise {unknown}
Potions
 b - 3 potions of mutation {unknown}
 h - a potion of magic {unknown}
 j - a potion of might {unknown}
 k - a potion of attraction {unknown}


   Skills:
 - Level 1.7 Dodging
 - Level 1.7 Stealth
 + Level 3.5 Spellcasting
 - Level 5.0 Conjurations


You had 8 spell levels left.
You knew the following spells:

 Your Spells              Type           Power      Damage    Failure   Level
a - Magic Dart            Conj           100%       1d8       1%          1
b - Searing Ray           Conj           56%        2d6       1%          2

Your spell library contained the following spells:

 Spells                   Type           Power      Damage    Failure   Level
 Dazzling Flash           Conj/Hex       32%        N/A       11%         3
 Fulminant Prism          Conj/Hex       8%         3d7       36%         4
 Iskenderun's Mystic Bla  Conj/Tloc      16%        2d5       36%         4


Dungeon Overview and Level Annotations

Branches:
Dungeon (3/15)

Annotations:
D:2 1 runed translucent door, exclusion: scorpion, Crazy Yiuf


Innate Abilities, Weirdness & Mutations

You have an increased reservoir of magic. (+10% MP)
You shall have no god before yourself.
Your divine heritage dramatically boosts your attributes as you level up.


Message History

You are very lightly contaminated with residual magic.
Nothing appears to happen.
Unknown command.
The phantom barely misses you. The phantom hits you!
The phantom blinks!
You blink.
A kobold comes into view.
It is wielding a +0 long sword of flaming.
The kobold shouts!
The phantom closely misses you. The phantom hits you.
The phantom blinks!
You blink.
The kobold throws a stone.
The stone hits you.
Unknown command.
Casting: Searing Ray (safe; 1% risk of failure)
Confirm with . or Enter, or press ? or * to list all spells.
Aiming: Searing Ray (safe; 1% risk of failure)
Press: ? - help, Shift-Dir - straight line, p - phantom The searing ray misses the phantom. (Press . to maintain the ray.)
The phantom hits you! The phantom hits you.
Your magical contamination has completely faded away.
Casting: Searing Ray (safe; 1% risk of failure)
Confirm with . or Enter, or press ? or * to list all spells.
Aiming: Magic Dart (safe; 1% risk of failure)
Press: ? - help, Shift-Dir - straight line, f - phantom
Aim: a phantom (100% to hit)
The magic dart hits the phantom.
The phantom is lightly damaged.
The kobold throws a stone.
The stone hits you but does no damage. The phantom hits you.
* * * LOW HITPOINT WARNING * * *
Unknown command.
Okay, then.
The kobold hits you with a +0 long sword of flaming.
* * * LOW HITPOINT WARNING * * *
The kobold burns you.
* * * LOW HITPOINT WARNING * * *
The kobold closely misses you.
Unknown command.
The kobold hits you with a +0 long sword of flaming!
You die...

♣♣ ♣♣.♣ ..♣
♣♣.♣♣ ♣.♣♣
♣.♣♣ ♣
♣...♣♣..♣ .♣♣
♣...)♣♣ ♣..♣
♣♣.♣♣♣ ♣♣♣..♣
♣♣♣.♣
♣♣♣♣....♣
♣..♣♣
♣♣♣.KW..♣♣♣
♣.♣♣
♣♣..@.♣♣♣♣
♣.♣♣ ♣♣...♣♣♣
♣♣.♣♣♣♣....♣♣♣
♣♣..§..♣♣♣♣
♣♣♣♣...♣ ♣...♣
..... .♣♣♣♣♣
♣♣


You could see a phantom and a kobold.

Vanquished Creatures
  Ijyb (D:3)
  5 gnolls
  5 adders
  A dart slug (D:2)
  6 orcs (D:3)
  3 bats
  3 endoplasms
  2 giant cockroaches
  3 goblins
  5 hobgoblins
  5 kobolds (D:1)
  A quokka (D:1)
  6 ball pythons
  2 frilled lizards (D:2)
  6 rats
54 creatures vanquished.

Vanquished Creatures (others)
  6 plants (D:1)
6 creatures vanquished.

Grand Total: 60 creatures vanquished

Notes
Turn   | Place    | Note
-------+----------+-------------------------------------------
     0 | D:1      | Labrat the Demigod Conjurer began the quest for the Orb.
     0 | D:1      | Reached XP level 1. HP: 14/14 MP: 5/5
   195 | D:1      | Reached XP level 2. HP: 11/20 MP: 0/7
   498 | D:1      | Reached skill level 4 in Conjurations
  1051 | D:2      | Reached XP level 3. HP: 8/26 MP: 2/9
  1056 | D:1      | Learned a level 2 spell: Searing Ray
  1898 | D:2      | Found a runed translucent door.
  1899 | D:2      | Noticed Crazy Yiuf
  2263 | D:2      | Noticed a scorpion
  2709 | D:3      | Reached XP level 4. HP: 33/33 MP: 7/11
  2971 | D:3      | Noticed Ijyb
  3081 | D:3      | Killed Ijyb
  3420 | D:3      | Reached XP level 5. HP: 25/38 MP: 7/13
  3546 | D:3      | Reached skill level 5 in Conjurations
  3654 | D:3      | HP: 1/38 [kobold/+0 long sword of flaming (1)]
  3656 | D:3      | Mangled by a kobold

Illustrated notes

Levels and vault maps discovered:
D:1:      dpeg_arrival_rooms_b, layout_rooms, basic_ecumenical_altar,
          minivault_14, nicolae_grassy_gnolls
D:2:      layout_loops_corners, uniq_crazy_yiuf_cottage
D:3:      kb_forest_paths, layout_basic, mainiacjoe_overflow_surrounded_room,
          uniq_ijyb

Skill      XL: |  1  2  3  4  5 |
---------------+----------------+-----
Spellcasting   | 2 3 |  3.5
Conjurations   | 4 5 |  5.0
Dodging        | |  1.7
Stealth        | |  1.7

Action                   |  1- 3 |  4- 6 || total
-------------------------+-------+-------++-------
 Cast: Magic Dart        |    94 |    33 ||   127
       Searing Ray       |       |     6 ||     6
Armor: Robe              |     3 |     3 ||     6
Dodge: Dodged            |     9 |    14 ||    23
